 Dungeon Crawl Stone Soup version 0.15.0-12-gccce430 (webtiles) character file.

221 Leibowitz the Poker (level 5, -3/41 HPs)
             Began as a Merfolk Gladiator on Sept 1, 2014.
             Slain by an ogre
             ... wielding a cursed +0 giant spiked club
              (23 damage)
             ... on Level 4 of the Dungeon.
             The game lasted 00:20:34 (3287 turns).

Leibowitz the Poker (Merfolk Gladiator)             Turns: 3287, Time: 00:20:35

HP  -3/41        AC  5     Str 16      XL: 5   Next: 98%
MP   5/5         EV 14     Int  7      God:
Gold 232         SH  0     Dex 15      Spells:  0 memorised,  4 levels left

rFire  . . .     SeeInvis .     a - +0 trident
rCold  . . .     Clarity  .     b - +0 leather armour
rNeg   . . .     rCorr    .     (no shield)
rPois  .         rRot     .     c - +0 helmet
rElec  .         Spirit   .     p - +0 cloak
SustAb +         Warding  .     (no gloves)
rMut   .         Stasis   .     (no boots)
Gourm  .                        n - amulet of faith
MR     .....                    (no ring)
                                r - ring of sustain abilities

@: not resistant to hostile enchantments, unstealthy
A: change form in water, swift swim
a: no special abilities


You were on level 4 of the Dungeon.
You were not hungry.

You visited 1 branch of the dungeon, and saw 4 of its levels.

You collected 232 gold pieces.

Inventory:

Hand weapons
 a - a +0 trident (weapon)
 u - a +2 dagger of freezing
Missiles
 h - 18 stones
 o - 18 poisoned needles
 q - 3 throwing nets (quivered)
Armour
 b - a +0 leather armour (worn)
 c - a +0 helmet (worn)
 p - a +0 cloak (worn)
Comestibles
 f - 3 bread rations
 z - a meat ration
Scrolls
 d - 3 scrolls of teleportation {unknown}
 e - 2 scrolls of magic mapping {unknown}
 g - a scroll of random uselessness {unknown}
 l - 5 scrolls of identify {unknown}
 t - a scroll of enchant weapon {unknown}
 v - a scroll of enchant armour {unknown}
Jewellery
 n - an amulet of faith (around neck)
 r - a ring of sustain abilities (left hand)
Potions
 i - 2 potions of haste {unknown}
 j - 2 potions of heal wounds
 k - 2 potions of curing {unknown}
 m - a potion of restore abilities {unknown}


   Skills:
 * Level 3.3 Fighting
 * Level 5.9 Polearms
 + Level 2.2 Throwing
 + Level 1.1 Armour
 * Level 5.9 Dodging
 + Level 1.3 Stealth


You had 4 spell levels left.
You didn't know any spells.

Dungeon Overview and Level Annotations

Branches:
Dungeon (4/15)
 Temple: D:4-7

Altars:
Elyvilon


Message History

Aim: an ogre, wielding a giant spiked club (moderately wounded)
The giant gecko is in the way.
You hit the giant gecko.
The giant gecko is moderately wounded.
The giant gecko misses you.
Attack whom?
Press: ? - help, Dir - move target cursor, f/p - ogre
Aim: an ogre, wielding a giant spiked club (moderately wounded)
You reach to attack!
You hit the ogre.
The ogre is moderately wounded.
The giant gecko barely misses you.
Attack whom?
Press: ? - help, Dir - move target cursor, f/p - ogre
Aim: an ogre, wielding a giant spiked club (moderately wounded)
The giant gecko is in the way.
You hit the giant gecko.
You kill the giant gecko!
You hit the ogre.
The ogre is moderately wounded.
The ogre hits you with a giant spiked club!!
Ouch! That really hurt!
You die...

..# ..# ### ..# ....
..# .##..####..#
#........#..#
###<...# #......#
.......##@#.#
.......... #O# #
........... w..
...........#....?
..............#....
............###.....
..............#...!..
.....................
#..<.........


You could see a worm and an ogre.

Vanquished Creatures
  An iguana (D:4)
  Ijyb (D:2)
  Jessica (D:2)
  7 adders
  2 worms (D:3)
  3 giant geckos
  2 orcs
  10 bats
  A giant cockroach (D:1)
  11 hobgoblins
  A ball python (D:3)
  3 giant newts
  15 goblins
  14 kobolds
  2 quokkas (D:3)
  8 rats
  A fungus (D:1)
83 creatures vanquished.

Notes
Turn   | Place    | Note
--------------------------------------------------------------
     0 | D:1      | Leibowitz, the Merfolk Gladiator, began the quest for the Orb.
     0 | D:1      | Reached XP level 1. HP: 16/16 MP: 1/1
   145 | D:1      | Reached XP level 2. HP: 16/22 MP: 2/2
   611 | D:1      | Reached XP level 3. HP: 24/28 MP: 3/3
   984 | D:2      | Reached skill level 5 in Polearms
   984 | D:2      | Reached skill level 5 in Dodging
  1236 | D:2      | Noticed Ijyb
  1298 | D:2      | Killed Ijyb
  1298 | D:2      | Reached XP level 4. HP: 14/34 MP: 4/4
  1625 | D:2      | Noticed Jessica
  1649 | D:2      | Killed Jessica
  2121 | D:2      | Reached XP level 5. HP: 38/40 MP: 5/5
  2216 | D:3      | Found a white marble altar of Elyvilon.
  2774 | D:3      | Reached skill level 1 in Stealth
  2808 | D:3      | Reached skill level 1 in Armour
  3223 | D:4      | Noticed an ogre
  3287 | D:4      | Slain by an ogre

Action                   |  1- 3 |  4- 6 || total
-------------------------+-------+-------++-------
Melee: Trident           |   144 |   251 ||   395
Throw: Throwing net      |     3 |       ||     3
  Use: Potion            |       |     1 ||     1
  Eat: Chunk             |     1 |     7 ||     8
